 Dungeon Crawl Stone Soup version 0.32-a0-931-g5a2cda0630 (webtiles) character file.

Game seed: 10989964813735372853

51448 jasper the Metamorph (level 14, 0/132 HPs)
             Began as a Vampire Shapeshifter on Apr 13, 2024.
             Was the Champion of Okawaru.
             Slain by a two-headed ogre
             ... wielding a +0 giant spiked club
              (14 damage)
             ... on level 1 of the Orcish Mines.
             The game lasted 00:27:19 (17580 turns).

jasper the Metamorph (Vampire Shapeshifter)        Turns: 17580, Time: 00:27:19

Health: 0/132      AC: 18    Str: 22    XL:     14   Next: 23%
Magic:  0/20       EV: 14    Int: 13    God:    Okawaru [******]
Gold:   3832       SH:  0    Dex: 14    Spells: 13/13 levels left

rFire   . .          .
                       - Unarmed
rCold   + . .        (shield currently unavailable)
rNeg    . . .        v - melded +2 ring mail {rPois}
rPois   +            (helmet currently unavailable)
rElec   .            (cloak currently unavailable)
rCorr   .            (gloves currently unavailable)
SInv    +            (boots currently unavailable)
Will    +....        Q - amulet of guardian spirit
Stlth   +++          h - ring of protection from cold
HPRegen 0.62/turn    F - +4 ring of protection
MPRegen 0.17/turn

%: guardian spirit
@: snake-form, healing quickly, studying 2 skills
A: constrict, boosted hp, large, alive, (fangs 3), see invisible, vampiric 2
a: Exsanguinate, Begin Untransformation, Renounce Religion, Heroism, Finesse,
Duel


You were on level 1 of the Orcish Mines.
You worshipped Okawaru.
Okawaru was exalted by your worship.
You were an enormous serpent.
You visited 3 branches of the dungeon, and saw 17 of its levels.
You also visited: Ossuary and Bailey.

You collected 4298 gold pieces.
You spent 466 gold pieces at shops.

Inventory:

Hand Weapons
 P - the +6 scimitar "Cafaib" {drain, +Blink Fly rF+++ Int-3}
   (You took it off an orc on level 9 of the Dungeon)

   Int-3:     It affects your intelligence (-3).
   rF+++:     It renders you almost immune to fire.
   Fly:       It grants you flight.
   +Blink:    It lets you blink.
Armour
 v - a +2 ring mail of poison resistance (melded)
 L - a +1 cloak
 Z - the +7 chain mail of Okawaru's Envy {Rampage SInv Stlth+}
   (Okawaru gifted it to you on level 3 of the Lair of Beasts)

   SInv:      It lets you see invisible.
   Rampage:   It bestows one free step when moving towards enemies.
   Stlth+:    It makes you more stealthy.
Jewellery
 e - a ring of resist corrosion
 h - a ring of protection from cold (left hand)
 q - a +6 ring of intelligence
 F - a +4 ring of protection (right hand)
 H - an amulet of faith
 K - a ring of fire
 Q - an amulet of guardian spirit (around neck)
 U - a ring of flight
 V - a ring of ice
 Y - a ring of protection from fire
Talismans
 c - a beast talisman
 d - a flux talisman
 l - a serpent talisman (active)
 O - a maw talisman
Wands
 a - a wand of warping (8)
 u - a wand of digging (2)
 y - a wand of charming (25)
 G - a wand of flame (11)
 X - a wand of mindburst (17)
Scrolls
 i - 3 scrolls of teleportation
 m - a scroll of fog
 s - 6 scrolls of immolation
 x - 5 scrolls of blinking
 D - 6 scrolls of noise
 E - 5 scrolls of amnesia
 I - a scroll of poison
 J - 5 scrolls of fear
 M - a scroll of brand weapon
 N - 2 scrolls of enchant armour
 T - a scroll of enchant weapon
 W - 2 scrolls of revelation
Potions
 b - 4 potions of cancellation
 f - a potion of invisibility
 g - 8 potions of might
 j - 8 potions of haste
 k - 7 potions of enlightenment
 n - a potion of heal wounds
 o - 6 potions of curing
 p - 2 potions of resistance
 t - 7 potions of mutation
 w - 2 potions of lignification
 z - 2 potions of magic
 A - 4 potions of berserk rage {unknown}
 B - 11 potions of ambrosia
 C - 2 potions of brilliance {unknown}


   Skills:
 - Level 10.0 Fighting
 - Level 12.0 Dodging
 - Level 4.5 Stealth
 - Level 10.0 Unarmed Combat
 - Level 8.0 Invocations
 + Level 17.7 Shapeshifting


You had 13 spell levels left.
You didn't know any spells.
Your spell library contained the following spells:

 Spells                   Type           Power      Damage    Failure   Level
 Foxfire                  Conj/Fire      0%         2x1d4     30%         1
 Necrotise                Necr           0%         1d4       30%         1
 Ensorcelled Hibernation  Hex/Ice        0%         N/A       43%         2
 Lesser Beckoning         Tloc           0%         N/A       43%         2
 Mercury Vapours          Alch/Air       0%         N/A       43%         2
 Dazzling Flash           Conj/Hex       0%         N/A       67%         3
 Maxwell's Portable Pile  Tloc           0%         2d(5-13)  67%         3
 Mephitic Cloud           Conj/Alch/Air  0%         N/A       67%         3
 Passwall                 Erth           0%         N/A       67%         3
 Sigil of Binding         Hex            0%         N/A       67%         3
 Swiftness                Air            0%         N/A       67%         3
 Teleport Other           Tloc           0%         N/A       67%         3
 Vampiric Draining        Necr           0%         2d6       67%         3
 Dimensional Bullseye     Hex/Tloc       0%         N/A       97%         4
 Iskenderun's Mystic Bla Conj/Tloc 0%             2d3        (+2d1     97%         4
 Olgreb's Toxic Radiance  Alch           0%         N/A       97%         4
 Passage of Golubria      Tloc           0%         N/A       97%         4
 Sticky Flame             Fire/Alch      0%         2d4       97%         4
 Curse of Agony           Necr           0%         N/A       100%        5
 Freezing Cloud           Conj/Ice/Air   0%         6-21      100%        5
 Irradiate                Conj/Alch      0%         3d11      100%        5
 Metabolic Englaciation   Hex/Ice        0%         N/A       100%        5
 Silence                  Hex/Air        0%         N/A       100%        5
 Dispersal                Tloc           0%         N/A       100%        6
 Eringya's Noxious Bog    Alch           0%         4d6       100%        6
 Gell's Gavotte           Tloc           0%         2d(11-16) 100%        6
 Manifold Assault         Tloc           0%         N/A       100%        7
 Ozocubu's Refrigeration  Ice            0%         4d7       100%        7
 Discord                  Hex            0%         N/A       100%        8
 Disjunction              Tloc           0%         N/A       100%        8
 Lehudib's Crystal Spear  Conj/Erth      0%         10d2      100%        8
 Tukima's Dance           Hex            Unusable   N/A       N/A         3
 Martyr's Knell           Necr/Summ      Unusable   N/A       N/A         4
 Summon Lightning Spire   Summ/Air       Unusable   N/A       N/A         4
 Death Channel            Necr           Unusable   N/A       N/A         6
 Sculpt Simulacrum        Ice/Alch       Unusable   N/A       N/A         6
 Summon Cactus Giant      Summ           Unusable   N/A       N/A         6

Dungeon Overview and Level Annotations

Branches:
Dungeon (11/15)            Temple (0/1) D:4            Lair (5/5) D:8
  Swamp (0/4) Lair:2        Snake (0/4) Lair:3        Slime (0/5) Lair:4
    Orc (1/2) D:10        Ossuary (visited)          Bailey (visited)

Altars:
Dithmenos
Gozag
Hepliaklqana
Kikubaaqudgha
Makhleb
Nemelex Xobeh
Okawaru
Sif Muna
Trog
Uskayaw
Vehumet
Wu Jian
Xom
Yredelemnul
Jiyva

Shops:
D:10 **[:

Annotations:
D:10 1 runed translucent door


Innate Abilities, Weirdness & Mutations

You are an enormous serpent.
You have a powerful constriction melee attack.
Your maximum health is increased.
Your armour is entirely melded.
You are incapable of wielding weapons or throwing items.
Your natural rate of healing is accelerated.
((You have razor-sharp teeth.))
You have supernaturally acute eyesight. (SInv)
You are afflicted with vampirism and can become a bat while bloodless.


Message History

The warg closely misses you.
There is a staircase back to the Dungeon here.
The warg bites you.
You climb upwards.
Welcome back to the Dungeon!
Level annotation: 1 runed translucent door
There is a staircase to the Orcish Mines here.
You now have 18/20 mp.
You body-slam the warg!!
You grab the warg.
The warg is severely wounded.
You constrict the warg, but do no damage.
The warg barely misses you.
You hit the warg.
The warg is almost dead.
You constrict the warg!
You kill the warg!
Okawaru accepts your kill.
There is a staircase to the Orcish Mines here.
You climb downwards.
Welcome back to the Orcish Mines!
The two-headed ogre closely misses you. The two-headed ogre barely misses you.
The two-headed ogre misses you.
The two-headed ogre barely misses you. x2
The two-headed ogre hits you but does no damage.
The two-headed ogre hits you with a +0 giant spiked club!!
The two-headed ogre hits you with a +0 giant club!
The ettin hits you with a +0 dire flail!
The ettin hits you with a +0 dire flail!!
There is a staircase back to the Dungeon, spattered with blood here.
You take 71 damage, and have 52/132 hp.
MASSIVE DAMAGE!!
You now have 7/20 mp.
The two-headed ogre hits you but does no damage.
The two-headed ogre hits you with a +0 giant club!
The two-headed ogre barely misses you.
The two-headed ogre hits you with a +0 giant club!
* * * LOW HITPOINT WARNING * * *
The ettin misses you.
The ettin hits you with a +0 dire flail!
* * * LOW HITPOINT WARNING * * *
The two-headed ogre closely misses you.
The two-headed ogre hits you with a +0 giant club!
* * * LOW HITPOINT WARNING * * *
The two-headed ogre hits you with a +0 giant spiked club!
You die...

#.##.# #......#.##
### #.........#
##.###......#..###
#...#......#.....#
##.O#.............
#OSO..............
#CO.O.........#...
##..#.............
###....#.......##
##....$......#
###..........#
#...........
#...........
............


You could see an ettin, 4 two-headed ogres and an ogre mage.

Vanquished Creatures
  Gastronok (Lair:2)
  A dire elephant (Lair:5)
  A hydra (Lair:3)
  A catoblepas (Lair:5)
  A deep troll shaman (Lair:5)
  10 death yaks
  4 two-headed ogres
  Amaemon (Lair:1)
  The ghost of croobank the Covert, a novice FeSu (D:11)
  Lodul (D:11)
  2 spriggan druids (Lair:2)
  3 black mambas
  Maurice (D:10)
  The ghost of pokeman the Thaumaturge, a novice DEHW (D:6)
  8 elephants
  An orange demon (Lair:1)
  11 cane toads
  2 rime drakes
  Jeremiah (D:8)
  A freezing wraith (D:11)
  4 komodo dragons
  Psyche (D:10)
  A queen bee (D:11)
  3 polar bears
  2 trolls
  A hornet (Lair:2)
  17 blink frogs
  5 slime creatures (D:11)
  2 spriggans (Bailey)
  A shadow (D:6)
  66 yaks
  3 basilisks
  A wraith (D:11)
  Eustachio (D:5)
  A warg (D:10)
  5 wyverns
  3 steam dragons
  3 vampire mosquitoes (D:10)
  11 water moccasins
  A sky beast (D:7)
  2 ice beasts
  4 orc warriors
  3 black bears
  2 centaurs
  15 ogres
  9 wolves
  A phantom (D:6)
  16 bullfrogs
  A weeping skull (D:7)
  A kobold brigand (D:10)
  8 scorpions
  9 wights
  34 killer bees
  3 electric eels
  3 howler monkeys
  4 bombardier beetles
  13 orc priests
  2 sleepcaps (D:5)
  A jelly (D:8)
  Jessica (D:2)
  Natasha (twice) (D:4)
  2 iguanas
  11 orc wizards
  8 mummies (Ossuary)
  7 gnolls (D:4)
  8 adders
  2 shadow imps
  4 white imps (D:7)
  4 ufetubi
  A ribbon worm (D:3)
  4 dart slugs
  44 orcs
  5 ball pythons
  A bat zombie (D:2)
  13 endoplasms
  3 giant cockroaches
  3 gnoll zombies (Ossuary)
  21 goblins
  8 hobgoblins
  10 jackals
  4 quokkas
  2 ball python skeletons (D:2)
  7 bats
  3 frilled lizards
  A hobgoblin zombie (Ossuary)
  7 kobolds
  2 kobold zombies (Ossuary)
  2 orc zombies (Ossuary)
  7 rats
  A spectral orc (D:7)
514 creatures vanquished.

Notes
Turn   | Place    | Note
-------+----------+-------------------------------------------
     0 | D:1      | jasper the Vampire Shapeshifter began the quest for the
                  | Orb.
     0 | D:1      | Reached XP level 1. HP: 14/14 MP: 1/1
    43 | D:1      | Reached skill level 1 in Stealth
   121 | D:1      | Reached XP level 2. HP: 20/20 MP: 2/2
   749 | D:2      | Gained mutation: You are afflicted with vampirism and can
                  | become a bat while bloodless. [Vampire growth]
   749 | D:2      | Reached XP level 3. HP: 23/25 MP: 3/3
  1164 | D:2      | Reached skill level 4 in Shapeshifting
  1206 | D:2      | Reached XP level 4. HP: 31/31 MP: 4/4
  1308 | D:2      | Noticed Jessica
  1315 | D:2      | Killed Jessica
  1480 | D:2      | Found a shadowy altar of Dithmenos.
  1732 | D:3      | Found an iron altar of Okawaru.
  1765 | D:3      | Became a worshipper of Warmaster Okawaru
  2002 | D:3      | Reached skill level 5 in Shapeshifting
  2056 | D:3      | Reached XP level 5. HP: 35/36 MP: 5/5
  2379 | D:4      | Found a staircase to the Ecumenical Temple.
  2381 | D:4      | Noticed Natasha
  2406 | D:5      | Entered Level 5 of the Dungeon
  2472 | D:5      | Noticed a black bear
  2496 | D:5      | Killed a black bear
  2497 | D:5      | Reached skill level 6 in Shapeshifting
  2497 | D:5      | Reached XP level 6. HP: 42/42 MP: 6/6
  2605 | D:5      | Identified the +3 chain mail of Norryil {rC+ Stlth+}
  2613 | D:5      | Reached * piety under Okawaru
  2614 | D:5      | Reached skill level 7 in Shapeshifting
  2658 | D:5      | Reached skill level 1 in Fighting
  2840 | D:5      | Noticed Eustachio
  2869 | D:5      | Noticed an ice beast
  2870 | D:5      | Noticed a water moccasin
  2886 | D:5      | Killed a water moccasin
  2887 | D:5      | Reached XP level 7. HP: 48/48 MP: 7/7
  3377 | D:6      | Reached skill level 8 in Shapeshifting
  3421 | D:6      | Reached XP level 8. HP: 17/57 MP: 5/8
  3606 | D:6      | Found a large runed translucent door.
  3607 | D:6      | Found a large runed translucent door.
  3610 | D:6      | Noticed pokeman's ghost (novice DEHW)
  3617 | D:6      | Reached ** piety under Okawaru
  3644 | D:6      | Found a shimmering altar of Xom.
  3678 | D:6      | Reached skill level 5 in Unarmed Combat
  4098 | D:6      | Killed pokeman's ghost
  4099 | D:6      | Reached skill level 5 in Dodging
  4099 | D:6      | Reached skill level 9 in Shapeshifting
  4099 | D:6      | Reached XP level 9. HP: 65/65 MP: 6/9
  4223 | D:4      | Killed Natasha
  4263 | D:4      | Found a hide-covered altar of Uskayaw.
  4266 | D:4      | Noticed a +0 dagger
  4266 | D:4      | Noticed a +0 dagger
  4271 | D:4      | Found a shadowy altar of Dithmenos.
  4657 | D:4      | Found a burning altar of Makhleb.
  4805 | D:4      | Noticed Natasha
  4822 | D:4      | Killed Natasha
  4930 | D:4      | Identified a scroll of acquirement
  4930 | D:4      | Acquired 552 gold pieces
  4973 | D:5      | Killed Eustachio
  5044 | D:7      | Reached *** piety under Okawaru
  5089 | D:7      | Found a basalt altar of Yredelemnul.
  5106 | D:7      | Found a sand-covered staircase.
  5117 | Ossuary  | Entered an ossuary
  5354 | Ossuary  | Acquired a manual of Dodging
  5530 | D:7      | Reached skill level 10 in Shapeshifting
  5685 | D:7      | Reached **** piety under Okawaru
  6074 | D:7      | Reached skill level 5 in Fighting
  6084 | D:7      | Identified the +12 whip of Qazlal's Pride {drain, *Slow Fly
                  | Dex+3 SInv}
  6169 | D:7      | Reached XP level 10. HP: 30/66 MP: 10/10
  6475 | D:8      | Found an opulent altar of Gozag.
  6541 | D:8      | Noticed a two-headed ogre
  6548 | D:8      | Killed a two-headed ogre
  6549 | D:8      | Reached skill level 11 in Shapeshifting
  6717 | D:8      | Found a flagged portal.
  6782 | Bailey   | Entered a bailey
  6805 | Bailey   | Reached skill level 1 in Invocations
  6907 | Bailey   | Identified the +6 rapier "Jemohurch" {flame, rF++ rCorr
                  | Int+5}
  6910 | Bailey   | Noticed a two-headed ogre
  6922 | Bailey   | Killed a two-headed ogre
  6923 | Bailey   | Reached skill level 5 in Invocations
  7045 | Bailey   | Identified the +0 acid dragon scales of Lugonu, Flying
                  | {Harm rN+ rCorr}
  7173 | D:8      | Found a shimmering blue altar of Sif Muna.
  7191 | D:8      | Noticed Jeremiah
  7217 | D:8      | Killed Jeremiah
  7217 | D:8      | Reached ***** piety under Okawaru
  7262 | D:8      | Found a hazy altar of Hepliaklqana.
  7561 | D:8      | Found a staircase to the Lair.
  7769 | D:9      | Found an ornate altar of the Wu Jian Council.
  7822 | D:9      | Found a bloodstained altar of Trog.
  7853 | D:9      | Reached XP level 11. HP: 63/80 MP: 16/16
  8030 | D:9      | Found a radiant altar of Vehumet.
  8112 | D:9      | Identified the +6 scimitar "Cafaib" {drain, +Blink Fly
                  | rF+++ Int-3}
  8185 | D:9      | Received a gift from Okawaru
  8486 | D:10     | Entered Level 10 of the Dungeon
  8486 | D:10     | Noticed a two-headed ogre
  8492 | D:10     | Killed a two-headed ogre
  8590 | D:10     | Noticed Maurice
  8610 | D:10     | Maurice stole a beast talisman
  8614 | D:10     | Maurice stole 3 silver javelins
  8616 | D:10     | Killed Maurice
  8731 | D:10     | Found a runed translucent door.
  8733 | D:10     | Noticed a centaur warrior
  8744 | D:10     | Got Koowunim's Notes on Allied Wildfire
  8745 | D:10     | Found Rusohec's Book Emporium.
  8745 | D:10     | Found Evelefri's Armour Emporium.
  8756 | D:10     | Found Sususess's Assorted Antiques.
  8761 | D:10     | Found Woynih's General Store.
  8868 | D:10     | Noticed Psyche
  8900 | D:10     | Killed Psyche
  8959 | D:10     | Found an ancient bone altar of Kikubaaqudgha.
  9006 | D:10     | Bought a potion of resistance for 310 gold pieces
  9010 | D:10     | Bought a potion of curing for 36 gold pieces
  9010 | D:10     | Bought 2 potions of enlightenment for 120 gold pieces
  9258 | D:10     | Found a staircase to the Orcish Mines.
  9439 | D:11     | Identified the +5 long sword of Hasyppuu {venom, rF+ Dex+3}
  9761 | D:11     | Noticed a two-headed ogre
  9767 | D:11     | Killed a two-headed ogre
  9768 | D:11     | Reached skill level 12 in Shapeshifting
  9908 | D:11     | Identified the +9 quarterstaff of Roinnuegh {heavy, rC+
                  | SInv Stlth+}
  9914 | D:11     | Found a sparkling altar of Nemelex Xobeh.
 10050 | D:11     | Reached skill level 10 in Dodging
 10404 | D:11     | Found a runed translucent gate.
 10404 | D:11     | Found a runed translucent gate.
 10404 | D:11     | Found a runed translucent gate.
 10408 | D:11     | Noticed croobank's ghost (novice FeSu)
 10574 | D:11     | Noticed Lodul
 10587 | D:11     | Reached XP level 12. HP: 78/89 MP: 12/18
 10602 | D:11     | Killed Lodul
 10602 | D:11     | Received a gift from Okawaru
 10903 | D:11     | Killed croobank's ghost
 10914 | D:11     | HP: 3/106 [freezing wraith (4)]
 10931 | D:11     | Acquired a manual of Unarmed Combat
 10933 | D:11     | Acquired 961 gold pieces
 10934 | D:11     | Acquired 943 gold pieces
 11120 | Lair:1   | Entered Level 1 of the Lair of Beasts
 11204 | Lair:1   | Reached skill level 13 in Shapeshifting
 11359 | Lair:1   | Noticed Amaemon
 11379 | Lair:1   | Killed Amaemon
 12262 | Lair:2   | Received a gift from Okawaru
 12263 | Lair:2   | Reached skill level 10 in Unarmed Combat
 12544 | Lair:2   | Noticed a death yak
 12544 | Lair:2   | Noticed a death yak
 12551 | Lair:2   | Noticed a death yak
 12563 | Lair:2   | Killed a death yak
 12571 | Lair:2   | Killed a death yak
 12642 | Lair:2   | Noticed a death yak
 12644 | Lair:2   | Noticed a death yak
 12656 | Lair:2   | Killed a death yak
 12660 | Lair:2   | Noticed a death yak
 12667 | Lair:2   | Killed a death yak
 12672 | Lair:2   | Killed a death yak
 12678 | Lair:2   | Killed a death yak
 12679 | Lair:2   | Reached skill level 10 in Fighting
 12679 | Lair:2   | Reached XP level 13. HP: 65/103 MP: 11/19
 12966 | Lair:2   | Received a gift from Okawaru
 13061 | Lair:2   | Noticed Gastronok
 13083 | Lair:2   | Killed Gastronok
 13117 | Lair:2   | Reached skill level 14 in Shapeshifting
 13186 | Lair:2   | Found a staircase to the Swamp.
 14034 | Lair:3   | Found a staircase to the Snake Pit.
 14214 | Lair:3   | Reached skill level 15 in Shapeshifting
 14245 | Lair:3   | Reached ****** piety under Okawaru
 14292 | Lair:3   | Acquired the +5 demon trident "Tormentor" {venom, *Corrode
                  | Int+4}
 14292 | Lair:3   | Received a gift from Okawaru
 14293 | Lair:3   | Acquired the +7 chain mail of Okawaru's Envy {Rampage SInv
                  | Stlth+}
 14293 | Lair:3   | Received a gift from Okawaru
 15117 | Lair:4   | You fall into a shaft and drop 1 floor!
 15117 | Lair:5   | Entered Level 5 of the Lair of Beasts
 15117 | Lair:5   | Noticed a dire elephant
 15128 | Lair:5   | Killed a dire elephant
 15128 | Lair:5   | Received a gift from Okawaru
 15162 | Lair:5   | Reached skill level 16 in Shapeshifting
 15564 | Lair:4   | Found a viscous altar of Jiyva.
 15564 | Lair:4   | Found a staircase to the Slime Pits.
 15838 | Lair:4   | Identified the staff of Emoqopp {*Corrode rF+ Int+5 Fire}
 16476 | Lair:5   | Received a gift from Okawaru
 16495 | Lair:5   | Reached XP level 14. HP: 110/110 MP: 17/20
 16642 | Lair:5   | Reached skill level 17 in Shapeshifting
 17071 | Lair:5   | Got the Atlas of Glaciation and Calcination
 17237 | Lair:5   | Received a gift from Okawaru
 17555 | Orc:1    | Entered Level 1 of the Orcish Mines
 17580 | Orc:1    | Slain by a two-headed ogre

Illustrated notes

Levels and vault maps discovered:
D:1:      dpeg_arrival_rooms_b, layout_loops_cross, minmay_pentomino_v4
D:2:      layout_loops_ring, serial_undead, serial_undead_d, serial_undead_b,
          serial_undead_c, serial_undead_a, basic_altar, uniq_jessica
D:3:      minmay_spotlight, layout_loops_ring, okawaru_altar_gauntlet_db
D:4:      minmay_skewed_foursquare, layout_cave_pools,
          mainiacjoe_overflow_alcove_2, dancing_weapons_uskayaw,
          grunt_dithmenos_smoke_and_mirrors, grunt_ministairs_15, st_stairs_12,
          kennysheep_pointless_box, dreamdust_mushroom_princess, uniq_natasha
D:5:      layout_rooms, serial_curves, eino_curves_02, eino_curves_02,
          uniq_eustachio
D:6:      layout_basic, mainiacjoe_overflow_boulevard,
          ebering_ghost_disaster_area, hex_intersection
D:7:      layout_basic, yredelemnul_forgotten_temple_becter,
          nicolae_ossuary_entry_plus, minmay_joined_circles
D:8:      layout_basic, mainiacjoe_overflow_catwalk,
          worldfamousw_hep_ancestral_shrine, nicolae_gozag_seed_capital,
          lair_entry_dummy, enter_bailey_5, kennysheep_path_1,
          nrook_pool_corridor, uniq_jeremiah
D:9:      layout_rooms, vehumet_crystals, pf_just_have_faith,
          nicolae_wu_jian_glorious_leap, minivault_14
D:10:     layout_basic, kennysheep_mini, hiddenorc1_lemuel, serial_glass,
          glass_columns_b, glass_columns_c, due_unseen_surprise,
          feat_on_display, minmay_st_funbox, minmay_shop_grid_forest,
          abandoned_shop, uniq_psyche, uniq_maurice
D:11:     layout_roguey [special_room_bee], gammafunk_ghost_spectres,
          nemelex_xobeh_ov_fountains_minmay, uniq_lodul
Lair:1:   layout_cave_shapes, dpeg_stationary_puzzle, lemuel_fruit_fields,
          uniq_amaemon
Lair:2:   layout_loops_ring, mainiacjoe_swamp_entry_angry_trees,
          infiniplex_staircase_pool, uniq_gastronok
Lair:3:   layout_layer_cave, dummy_snake_entry, grunt_megastairs_5
Lair:4:   layout_small_grid, slime_entry_1, chequers_serial_rivers_large_b,
          lemuel_fruit_tree
Lair:5:   grunt_lair_end_beastmaster, layout_gridlike
Orc:1:    layout_caves, nicolae_orc_sculptors_studio, bh_open_orc_temple

Skill      XL: |  1  2  3  4  5  6  7  8  9 10 11 12 13 14 |
---------------+-------------------------------------------+-----
Stealth        | 2 4 |  4.5
Shapeshifting  | 4 5 6 7 8 9 10 11 12 13 16 17 | 17.7
Fighting       | 1 2 3 5 6 10 | 10.0
Dodging        | 3 5 7 10 12 | 12.0
Unarmed Combat | 4 5 7 8 10 | 10.0
Invocations    | 7 8 |  8.0

Action                     |  1- 3 |  4- 6 |  7- 9 | 10-12 | 13-15 || total
---------------------------+-------+-------+-------+-------+-------++-------
  Melee: Unarmed           |   102 |   186 |   277 |   653 |   420 ||  1638
         Bite              |    10 |    16 |       |       |       ||    26
         Punch             |     1 |     1 |     1 |       |       ||     3
         Constrict         |       |       |    61 |   126 |    94 ||   281
 Invoke: Heroism           |       |       |     2 |     2 |       ||     4
         Finesse           |       |       |       |     6 |     2 ||     8
         Receive Weapon    |       |       |       |       |     1 ||     1
         Receive Armour    |       |       |       |       |     1 ||     1
Ability: Exsanguinate      |       |       |     1 |       |       ||     1
         Revivify          |       |       |     1 |       |       ||     1
  Evoke: Wand              |       |       |       |     8 |     1 ||     9
    Use: Scroll            |     4 |     6 |    13 |     7 |     3 ||    33
         Potion            |       |     4 |     1 |     6 |     1 ||    12
   Stab: Sleeping          |     6 |     8 |     9 |     7 |     5 ||    35
         Petrified         |       |       |       |       |     7 ||     7
 Armour: Animal skin       |    47 |    19 |       |       |       ||    66
         Troll leather arm |       |    66 |       |       |       ||    66
         Skin              |       |    31 |   215 |   422 |   329 ||   997
  Dodge: Dodged            |    75 |   103 |   160 |   367 |   284 ||   989
   Form: Flux              |       |     1 |       |       |       ||     1
         Serpent           |       |       |     2 |       |       ||     2

Table legend: (Time is in decaauts)
 A = Elapsed time spent in this place.
 B = Non-inter-level travel time spent in this place.
 C = Inter-level travel time spent in this place.
 D = Time resting spent in this place.
 E = Time spent auto-exploring this place.
 F = Levels seen in this place.
 G = Mean time per level.
                   A        B        C        D        E       F      G
               +--------+--------+--------+--------+--------+-----+--------+
         Total |  17311 |  16614 |    697 |   1252 |  11436 |  19 |  911.1 |
       Dungeon |  10501 |  10040 |    461 |    675 |   6913 |  11 |  954.6 |
          Lair |   6229 |   5994 |    235 |    536 |   4242 |   5 | 1245.8 |
  Orcish Mines |     19 |     19 |      0 |      0 |      4 |   1 |   19.0 |
       Ossuary |    252 |    252 |      0 |     22 |    134 |   1 |  252.0 |
        Bailey |    307 |    307 |      0 |     19 |    143 |   1 |  307.0 |
               +--------+--------+--------+--------+--------+-----+--------+

Top non-repeatable levels by time:
  Lair:3: 1641 daAuts
    D:11: 1611 daAuts
  Lair:5: 1395 daAuts
     D:7: 1184 daAuts
  Lair:2: 1182 daAuts
  Lair:1: 1122 daAuts
     D:5: 1028 daAuts
    D:10: 987 daAuts
     D:8: 958 daAuts
     D:2: 927 daAuts
  Lair:4: 888 daAuts
     D:6: 838 daAuts
     D:4: 773 daAuts
     D:9: 769 daAuts
     D:3: 717 daAuts
